[Event "58th Akiba Rubinstein B 2022"]
[Site "Polanica-Zdroj"]
[Date "2022.08.21"]
[Round "9.10"]
[White "Lukasik, Zuzanna"]
[Black "Sypien, Natan"]
[Result "1/2-1/2"]
[ECO "B34"]
[WhiteElo "1700"]
[BlackElo "1780"]
[Annotator "NA RC"]
[PlyCount "83"]
[EventDate "2022.08.13"]
[EventCountry "POL"]
[SourceTitle "playchess.com"]
[Source "ChessBase"]
[SourceQuality "1"]
[TimeControl "40/5400+30:1800+30"]

1. e4 c5 2. Nf3 Nc6 3. d4 cxd4 4. Nxd4 Nf6 5. Nc3 e5 6. Nf5 d5 7. exd5 Bxf5 8. dxc6 Qxd1+ 9. Nxd1 bxc6 10. Ne3 Bg6 11. Bc4 Bc5 12. Bb3 O-O 13. O-O Rfd8 14. Nc4 Ne4 15. Be3 Bxe3 16. fxe3 Nd2 17. Nxd2 Rxd2 18. Rf2 Rad8 19. Raf1 Rxf2 20. Rxf2 Rd1+ 21. Rf1 Rd2 22. Rf2 Rd1+ 23. Rf1 Rd6 24. Rf2 Kf8 25. h3 f6 26. c3 Ke7 27. Kf1 h6 28. Ke1 Be4 29. Bc2 Bd5 30. b3 c5 31. c4 Bc6 32. g4 Rd8 33. h4 Rh8 34. h5 Rd8 35. Bf5 a5 36. Rd2 Rb8 37. Kd1 a4 38. Kc2 a3 39. Kc3 Rb6 40. Rd1 Rb8 41. Rb1 Rb4 42. Rd1 1/2-1/2

[Event "58th Akiba Rubinstein B 2022"]
[Site "Polanica-Zdroj"]
[Date "2022.08.21"]
[Round "9.11"]
[White "Hury, Tymoteusz"]
[Black "Bartlomowicz, Jakub"]
[Result "1/2-1/2"]
[ECO "B23"]
[WhiteElo "1679"]
[BlackElo "1922"]
[Annotator "NA RC"]
[PlyCount "86"]
[EventDate "2022.08.13"]
[EventCountry "POL"]
[SourceTitle "playchess.com"]
[Source "ChessBase"]
[SourceQuality "1"]
[TimeControl "40/5400+30:1800+30"]

1. e4 c5 2. Nc3 Nc6 3. f4 g6 4. Nf3 Bg7 5. Bb5 Nd4 6. O-O Nxb5 7. Nxb5 a6 8. Nc3 d6 9. d3 Nf6 10. Qe2 O-O 11. Bd2 b5 12. Rae1 b4 13. Nd1 e5 14. fxe5 dxe5 15. Qf2 Qd6 16. Ne3 Be6 17. Ng5 h6 18. Nxe6 Qxe6 19. Nc4 Rac8 20. h3 Nd7 21. Qh4 Kh7 22. g4 Rh8 23. Rf2 Kg8 24. Ref1 Rf8 25. Rf3 h5 26. g5 f5 27. gxf6 Rxf6 28. Be3 Rxf3 29. Rxf3 Bf6 30. Bg5 Kg7 31. Bxf6+ Nxf6 32. Qg5 Nd7 33. Rg3 Qf6 34. Qe3 Rf8 35. Qe2 Qf4 36. Kg2 Kh6 37. Ne3 Nb6 38. b3 Qh4 39. Rf3 Rf4 40. Rg3 Qf6 41. Kg1 Qh4 42. Qg2 Qf6 43. Qe2 Qh4 1/2-1/2

[Event "58th Akiba Rubinstein B 2022"]
[Site "Polanica-Zdroj"]
[Date "2022.08.21"]
[Round "9.12"]
[White "Trusz, Julia"]
[Black "Halhoul, Adam"]
[Result "1-0"]
[ECO "D30"]
[WhiteElo "1706"]
[BlackElo "1672"]
[Annotator "NA RC"]
[PlyCount "55"]
[EventDate "2022.08.13"]
[EventCountry "POL"]
[SourceTitle "playchess.com"]
[Source "ChessBase"]
[SourceQuality "1"]
[TimeControl "40/5400+30:1800+30"]

1. d4 d5 2. c4 e6 3. Nf3 c6 4. Qc2 Nf6 5. Nbd2 Bd6 6. g3 O-O 7. Bg2 Re8 8. O-O Nbd7 9. b3 e5 10. dxe5 Nxe5 11. Bb2 Nxf3+ 12. Nxf3 Qe7 13. e3 dxc4 14. Qxc4 Be6 15. Qc2 Bd5 16. Nd4 Bxg2 17. Kxg2 Be5 18. Rfd1 c5 19. Nf5 Qc7 20. Rac1 Qc6+ 21. f3 Nd5 22. e4 Nb4 23. Qf2 Qa6 24. Rxc5 f6 25. Bxe5 fxe5 26. Rc7 g6 27. Nh6+ Kf8 28. Rf7# 1-0

[Event "58th Akiba Rubinstein B 2022"]
[Site "Polanica-Zdroj"]
[Date "2022.08.21"]
[Round "9.13"]
[White "Penza, Denis"]
[Black "Kowalczyk, Wojciech"]
[Result "1/2-1/2"]
[ECO "E73"]
[WhiteElo "1836"]
[BlackElo "1835"]
[Annotator "NA RC"]
[PlyCount "28"]
[EventDate "2022.08.13"]
[EventCountry "POL"]
[SourceTitle "playchess.com"]
[Source "ChessBase"]
[SourceQuality "1"]
[TimeControl "40/5400+30:1800+30"]

1. d4 Nf6 2. c4 g6 3. Nc3 Bg7 4. e4 d6 5. Be2 O-O 6. Bg5 c5 7. d5 h6 8. Bf4 e6 9. dxe6 Bxe6 10. Bxd6 Re8 11. Nf3 Qb6 12. Bxb8 Raxb8 13. Qc2 Nh5 14. g3 Bh3 1/2-1/2

[Event "58th Akiba Rubinstein B 2022"]
[Site "Polanica-Zdroj"]
[Date "2022.08.21"]
[Round "9.14"]
[White "Szydelko, Michal"]
[Black "Wilk, Aleksander"]
[Result "1/2-1/2"]
[ECO "C42"]
[WhiteElo "1833"]
[BlackElo "1569"]
[Annotator "NA RC"]
[PlyCount "82"]
[EventDate "2022.08.13"]
[EventCountry "POL"]
[SourceTitle "playchess.com"]
[Source "ChessBase"]
[SourceQuality "1"]
[TimeControl "40/5400+30:1800+30"]

1. e4 e5 2. Nf3 Nf6 3. Nxe5 d6 4. Nf3 Nxe4 5. d4 d5 6. Bd3 Bd6 7. O-O O-O 8. c4 c6 9. Nc3 Nxc3 10. bxc3 h6 11. cxd5 cxd5 12. Rb1 Nc6 13. Bd2 Qc7 14. h3 Re8 15. Qb3 Rd8 16. Rfe1 Bf8 17. Ne5 b6 18. Bf4 Be6 19. Qc2 Nxe5 20. Bxe5 Bd6 21. Qd2 Bxe5 22. dxe5 Rac8 23. Re3 Kf8 24. Be2 Qc5 25. Rd1 Rc7 26. f4 Rcd7 27. Qd4 Qxd4 28. Rxd4 Ke7 29. g4 g6 30. Bd3 Rc7 31. f5 Bc8 32. fxg6 Rxc3 33. Rf3 fxg6 34. Rf6 Rc1+ 35. Kf2 Rh1 36. Kg2 Re1 37. Rxg6 Rxe5 38. Rxh6 Be6 39. Rh7+ Kd6 40. Rxa7 Re3 41. Bf1 Ke5 1/2-1/2

[Event "58th Akiba Rubinstein B 2022"]
[Site "Polanica-Zdroj"]
[Date "2022.08.21"]
[Round "9.15"]
[White "Uliasz, Katarzyna"]
[Black "Bednarczyk, Mateusz"]
[Result "0-1"]
[ECO "A16"]
[WhiteElo "1566"]
[BlackElo "1925"]
[Annotator "NA RC"]
[PlyCount "68"]
[EventDate "2022.08.13"]
[EventCountry "POL"]
[SourceTitle "playchess.com"]
[Source "ChessBase"]
[SourceQuality "1"]
[TimeControl "40/5400+30:1800+30"]

1. c4 Nf6 2. Nc3 g6 3. g3 Bg7 4. Bg2 O-O 5. e4 d6 6. Nge2 c5 7. O-O Nc6 8. d3 a6 9. h3 Rb8 10. a4 Bd7 11. Be3 Na5 12. f4 Bc6 13. g4 Nd7 14. Ng3 b5 15. cxb5 axb5 16. axb5 Bxb5 17. Nxb5 Rxb5 18. Qa4 Qb6 19. b4 Bxa1 20. Rxa1 Nc6 21. bxc5 Nxc5 22. Qd1 Rb8 23. Kh2 Rb2 24. Rc1 Qb3 25. Qxb3 R8xb3 26. Bxc5 dxc5 27. Rxc5 Nd4 28. Rc8+ Kg7 29. Rc4 Rxd3 30. Nf1 Nf3+ 31. Kh1 Nh4 32. Nh2 Rxg2 33. Rc1 Rxh3 34. Rg1 Rhxh2# 0-1